 Dungeon Crawl Stone Soup version 0.29.1-15-g9cfb28693d (webtiles) character file.

Game seed: 14995841716605095085

576 xzight the Grasshopper (level 7, 0/48 (56) HPs)
             Began as a Gnoll Warper on Mar 9, 2023.
             Was an Initiate of Cheibriados.
             Slain by a wight
             ... wielding a +0 falchion
              (8 damage)
             ... on level 4 of the Dungeon.
             The game lasted 00:10:12 (5445 turns).

xzight the Grasshopper (Gnoll Warper)               Turns: 5445, Time: 00:10:12

HP:   0/48 (56)     AC: 13    Str: 11    XL:     7   Next: 35%
MP:   15/15         EV: 13    Int: 16    God:    Cheibriados [......]
Gold: 230           SH:  0    Dex: 12    Spells: 17/17 levels left

rFire   + . .      SeeInvis .   j - +3 short sword (protect)
rCold   . . .      Faith    .   (no shield)
rNeg    . . .      Spirit   .   b - +0 leather armour
rPois   +          Reflect  .   r - +0 helmet
rElec   .          Harm     .   i - +0 cloak
rCorr   .          Rampage  .   t - +0 pair of gloves
Will    .....                   (no boots)
Stlth   ++........              (no amulet)
HPRegen 0.16/turn               P - ring of poison resistance
MPRegen 0.14/turn               F - ring of protection from fire

@: under a protective aura, heavily drained, very slow
A: fangs 1, strong nose, distributed training
a: Renounce Religion


You were on level 4 of the Dungeon.
You worshipped Cheibriados.
Cheibriados was noncommittal.
You visited 2 branches of the dungeon, and saw 6 of its levels.

You collected 263 gold pieces.
You spent 33 gold pieces at shops.


Innate Abilities, Weirdness & Mutations

You have very sharp teeth.
Your uncanny sense of smell can sniff out nearby items.
Your experience applies equally to all skills.


   Skills:
 + Level 5.2 Fighting
 + Level 2.5 Short Blades
 + Level 2.5 Long Blades
 + Level 2.5 Axes
 + Level 2.5 Maces & Flails
 + Level 5.2 Polearms
 + Level 2.5 Staves
 + Level 2.5 Ranged Weapons
 + Level 3.6 Throwing
 + Level 3.6 Armour
 + Level 5.2 Dodging
 + Level 2.5 Stealth
 + Level 2.5 Shields
 + Level 2.5 Unarmed Combat
 + Level 5.6 Spellcasting
 + Level 2.0 Conjurations
 + Level 2.0 Hexes
 + Level 2.0 Summonings
 + Level 2.0 Necromancy
 + Level 5.8 Translocations
 + Level 2.0 Transmutations
 + Level 2.0 Fire Magic
 + Level 2.0 Ice Magic
 + Level 2.0 Air Magic
 + Level 2.0 Earth Magic
 + Level 2.0 Poison Magic
 + Level 2.8 Invocations
 + Level 2.5 Evocations


You had 17 spell levels left.
You didn't know any spells.
Your spell library contained the following spells:

 Spells                   Type           Power      Damage    Failure   Level
 Apportation              Tloc           46%        N/A       1%          1
 Blink                    Tloc           46%        N/A       2%          2
 Gell's Gravitas          Tloc           23%        N/A       4%          3
 Lesser Beckoning         Tloc           23%        N/A       4%          3
 Teleport Other           Tloc           23%        N/A       4%          3
 Necrotise                Necr           44%        1d6       8%          1
 Slow                     Hex            44%        N/A       8%          1
 Summon Small Mammal      Summ           44%        N/A       8%          1
 Confusing Touch          Hex            11%        N/A       22%         3
 Ozocubu's Armour         Ice            11%        N/A       22%         3
 Vampiric Draining        Necr           11%        2d6       22%         3
 Manifold Assault         Tloc           23%        N/A       41%         5
 Haunt                    Necr/Summ      5%         N/A       100%        7
 Ozocubu's Refrigeration  Ice            5%         4d8       100%        7
 Borgnjor's Revivificati  Necr           5%         N/A       100%        8

Inventory:

Hand Weapons
 j - a +3 short sword of protection (weapon)
Armour
 b - a +0 leather armour (worn)
 i - a +0 cloak (worn)
 r - a +0 helmet (worn)
 t - a +0 pair of gloves (worn)
Magical Staves
 u - a staff of conjuration {!a}
Jewellery
 C - a ring of ice
 F - a ring of protection from fire (right hand)
 P - a ring of poison resistance (left hand)
Scrolls
 c - a scroll of blinking
 e - 3 scrolls of immolation
 g - a scroll of teleportation {@r2}
 o - 3 scrolls of fear
 q - a scroll of poison
Potions
 f - a potion of lignification {unknown}
 k - a potion of heal wounds {@q2}
 n - a potion of invisibility
 s - a potion of degeneration {unknown}

Dungeon Overview and Level Annotations

Branches:
Dungeon (5/15)             Temple (1/1) D:5

Altars:
Ashenzari
Cheibriados
Elyvilon
Hepliaklqana
Kikubaaqudgha
Makhleb
Nemelex Xobeh
Ru
Sif Muna
Trog
Uskayaw
Vehumet
Wu Jian
Xom
Zin
The Shining One

Shops:
D:1 *

Annotations:
D:3 exclusion: 3 iron imps, Blork the orc
D:4 Edmund

#.........# #.....#....
#.........###.........#
#.....................#
##......##.########...#
#.......##.#)#....#...#
#.......##.#.....)#....
#....#####.#...#..#....
#....#####.#...#..#....
#.....@z...#...####..##
#.......##.#...#~~#...#
#.....<........#..#...#
#.......##.....#..#.@.#
#..........#......#.o.#
####.......#..##..#..o#
#.....#.#...#..#...#
#.......#..##.##...#
#....##.#.##...#...#


You could see a wight.


Message History

The wight is heavily damaged.
The wight hits you but does no damage.
You barely miss the wight.
The wight is heavily damaged.
The wight hits you but does no damage.
You closely miss the wight.
The wight is heavily damaged.
The wight barely misses you.
You closely miss the wight.
The wight is heavily damaged.
The wight closely misses you.
You hit the wight. Your bite misses the wight.
The wight is severely damaged.
The wight hits you with a +0 falchion.
* * * LOW HITPOINT WARNING * * *
You feel drained.
You hit the wight but do no damage.
The wight is severely damaged.
The wight hits you with a +0 falchion.
* * * LOW HITPOINT WARNING * * *
You feel drained.
* * * LOW HITPOINT WARNING * * *
You hit the wight but do no damage.
The wight is severely damaged.
The wight hits you with a +0 falchion.
* * * LOW HITPOINT WARNING * * *
You closely miss the wight.
The wight is severely damaged.
The wight hits you with a +0 falchion!
You die...

Skill      XL: |  1  2  3  4  5  6  7 |
---------------+----------------------+-----
Spellcasting   | 5 |  5.6
Invocations    | 1 2 |  2.8
Short Blades   | 1 2 |  2.5
Long Blades    | 1 2 |  2.5
Axes           | 1 2 |  2.5
Maces & Flails | 1 2 |  2.5
Staves         | 1 2 |  2.5
Ranged Weapons | 1 2 |  2.5
Stealth        | 1 2 |  2.5
Shields        | 1 2 |  2.5
Unarmed Combat | 1 2 |  2.5
Evocations     | 1 2 |  2.5
Conjurations   | 1 2 |  2.0
Hexes          | 1 2 |  2.0
Summonings     | 1 2 |  2.0
Necromancy     | 1 2 |  2.0
Transmutations | 1 2 |  2.0
Fire Magic     | 1 2 |  2.0
Ice Magic      | 1 2 |  2.0
Air Magic      | 1 2 |  2.0
Earth Magic    | 1 2 |  2.0
Poison Magic   | 1 2 |  2.0
Throwing       | 3 |  3.6
Armour         | 3 |  3.6
Fighting       | 5 |  5.2
Polearms       | 5 |  5.2
Dodging        | 5 |  5.2
Translocations | |  5.8

Action                   |  1- 3 |  4- 6 |  7- 9 || total
-------------------------+-------+-------+-------++-------
Melee: Spear             |    50 |       |       ||    50
       Bite              |    10 |    16 |     5 ||    31
       Short sword       |    76 |   165 |    39 ||   280
       Punch             |     2 |     3 |       ||     5
Throw: Boomerang         |       |       |     7 ||     7
  Use: Scroll            |       |     2 |     6 ||     8
       Potion            |       |     1 |     4 ||     5
 Stab: Sleeping          |     5 |     1 |       ||     6
Armor: Leather armour    |    25 |    57 |    10 ||    92
Dodge: Dodged            |    54 |    91 |    25 ||   170

Levels and vault maps discovered:
D:1:      nicolae_arrival_somewhat_less_tricky_arrival, layout_basic,
          hellmonk_ecumenical_altar_crossroads, serial_shops, shop
D:2:      layout_loops_ring
D:3:      layout_basic, demons_altar
D:4:      layout_basic, mainiacjoe_overflow_24_doors,
          mainiacjoe_overflow_surrounded_room, sigmund_edmund_badplayer,
          uniq_blork_the_orc
D:5:      layout_cave_pools, minmay_temple_entry_mist
Temple:   nicolae_temple_ecumenical_triangle

Notes
Turn   | Place    | Note
-------+----------+-------------------------------------------
     0 | D:1      | xzight the Gnoll Warper began the quest for the Orb.
     0 | D:1      | Reached XP level 1. HP: 20/20 MP: 6/6
   187 | D:1      | Found a faded altar of an unknown god.
   417 | D:1      | Reached XP level 2. HP: 25/26 MP: 7/7
   547 | D:1      | Found Vikh's General Store.
   554 | D:1      | Bought a scroll of teleportation for 33 gold pieces
  1223 | D:2      | Reached skill level 5 in Spellcasting
  1223 | D:2      | Reached XP level 3. HP: 29/31 MP: 7/9
  1516 | D:2      | Got the Volume of Victory
  1768 | D:3      | Reached skill level 1 in Invocations
  2423 | D:3      | Reached skill level 1 in Short Blades
  2423 | D:3      | Reached skill level 1 in Long Blades
  2423 | D:3      | Reached skill level 1 in Axes
  2423 | D:3      | Reached skill level 1 in Maces & Flails
  2423 | D:3      | Reached skill level 1 in Staves
  2423 | D:3      | Reached skill level 1 in Ranged Weapons
  2423 | D:3      | Reached skill level 1 in Stealth
  2423 | D:3      | Reached skill level 1 in Shields
  2423 | D:3      | Reached skill level 1 in Unarmed Combat
  2423 | D:3      | Reached skill level 1 in Evocations
  2644 | D:3      | Reached XP level 4. HP: 38/38 MP: 11/11
  2652 | D:3      | Found a burning altar of Makhleb.
  2819 | D:4      | Reached skill level 1 in Conjurations
  2819 | D:4      | Reached skill level 1 in Hexes
  2819 | D:4      | Reached skill level 1 in Summonings
  2819 | D:4      | Reached skill level 1 in Necromancy
  2819 | D:4      | Reached skill level 1 in Transmutations
  2819 | D:4      | Reached skill level 1 in Fire Magic
  2819 | D:4      | Reached skill level 1 in Ice Magic
  2819 | D:4      | Reached skill level 1 in Air Magic
  2819 | D:4      | Reached skill level 1 in Earth Magic
  2819 | D:4      | Reached skill level 1 in Poison Magic
  2950 | D:4      | Reached skill level 3 in Throwing
  2950 | D:4      | Reached skill level 3 in Armour
  2950 | D:4      | Reached XP level 5. HP: 27/43 MP: 12/12
  3118 | D:4      | Found an ornate altar of the Wu Jian Council.
  3230 | D:4      | Found a sparkling altar of Nemelex Xobeh.
  3572 | D:4      | Noticed Blork the orc
  4374 | D:4      | Noticed Edmund
  4622 | D:4      | Noticed Sigmund
  4645 | D:4      | Killed Sigmund
  4646 | D:4      | Reached skill level 5 in Fighting
  4646 | D:4      | Reached skill level 2 in Short Blades
  4646 | D:4      | Reached skill level 2 in Long Blades
  4646 | D:4      | Reached skill level 2 in Axes
  4646 | D:4      | Reached skill level 2 in Maces & Flails
  4646 | D:4      | Reached skill level 5 in Polearms
  4646 | D:4      | Reached skill level 2 in Staves
  4646 | D:4      | Reached skill level 2 in Ranged Weapons
  4646 | D:4      | Reached skill level 5 in Dodging
  4646 | D:4      | Reached skill level 2 in Stealth
  4646 | D:4      | Reached skill level 2 in Shields
  4646 | D:4      | Reached skill level 2 in Unarmed Combat
  4646 | D:4      | Reached skill level 2 in Invocations
  4646 | D:4      | Reached skill level 2 in Evocations
  4646 | D:4      | Reached XP level 6. HP: 28/51 MP: 14/14
  4813 | D:5      | Entered Level 5 of the Dungeon
  4813 | D:5      | Found a staircase to the Ecumenical Temple.
  4835 | Temple   | Entered the Ecumenical Temple
  4873 | Temple   | Became a worshipper of Cheibriados the Contemplative
  5024 | D:5      | Reached XP level 7. HP: 28/55 MP: 15/15
  5042 | D:5      | Reached skill level 2 in Conjurations
  5042 | D:5      | Reached skill level 2 in Hexes
  5042 | D:5      | Reached skill level 2 in Summonings
  5042 | D:5      | Reached skill level 2 in Necromancy
  5042 | D:5      | Reached skill level 2 in Transmutations
  5042 | D:5      | Reached skill level 2 in Fire Magic
  5042 | D:5      | Reached skill level 2 in Ice Magic
  5042 | D:5      | Reached skill level 2 in Air Magic
  5042 | D:5      | Reached skill level 2 in Earth Magic
  5042 | D:5      | Reached skill level 2 in Poison Magic
  5445 | D:4      | Slain by a wight

Vanquished Creatures
  Sigmund (D:4)
  A necrophage (D:5)
  3 wights (D:5)
  A hound (D:4)
  A jelly (D:4)
  6 gnolls
  3 adders
  A dart slug (D:3)
  4 orcs
  An endoplasm (D:1)
  A giant cockroach (D:3)
  11 goblins
  7 hobgoblins
  3 ball pythons
  2 bats
  5 frilled lizards
  9 kobolds
  4 rats
64 creatures vanquished.

Vanquished Creatures (others)
  2 plants (D:4)
2 creatures vanquished.

Grand Total: 66 creatures vanquished

Table legend: (Time is in decaauts)
 A = Elapsed time spent in this place.
 B = Non-inter-level travel time spent in this place.
 C = Inter-level travel time spent in this place.
 D = Time resting spent in this place.
 E = Time spent auto-exploring this place.
 F = Levels seen in this place.
 G = Mean time per level.
                   A        B        C        D        E       F      G
               +--------+--------+--------+--------+--------+-----+--------+
         Total |   5508 |   5256 |    252 |   1283 |   2955 |   6 |  918.0 |
       Dungeon |   5458 |   5217 |    241 |   1283 |   2925 |   5 | 1091.6 |
        Temple |     50 |     39 |     11 |      0 |     30 |   1 |   50.0 |
               +--------+--------+--------+--------+--------+-----+--------+

Top non-repeatable levels by time:
     D:3: 1465 daAuts
     D:4: 1412 daAuts
     D:2: 999 daAuts
     D:1: 950 daAuts
     D:5: 630 daAuts
  Temple: 50 daAuts

Table legend:
 A = Non-vault XP
 B = Vault XP
 C = Vault XP percentage of total XP
 D = Non-vault monster count
 E = Vault monster count
 F = Vault count percentage of total count
                 A         B        C        D         E       F
            +---------+---------+-------+---------+---------+-------
      Total |     592 |     231 |  28.1 |      63 |       1 |   1.6
            +---------+---------+-------+---------+---------+-------
        D:1 |      19 |       0 |   0.0 |      12 |       0 |   0.0
        D:2 |      28 |       0 |   0.0 |      19 |       0 |   0.0
        D:3 |      58 |       0 |   0.0 |      11 |       0 |   0.0
        D:4 |     165 |     231 |  58.3 |      15 |       1 |   6.2
        D:5 |     322 |       0 |   0.0 |       6 |       0 |   0.0
            +---------+---------+-------+---------+---------+-------
